 Dungeon Sprint DCSS version 0.22.1-2-g9c5b331 (webtiles) character file.

3173 diana the Covert (level 9, -8/71 HPs)
             Began as a Demigod Enchanter on Dec 22, 2018.
             Mangled by a deep elf knight
             ... wielding a +0 scimitar
              (17 damage)
             ... in the Dungeon (Sprint III: "The Ten Rune Challenge").
             The game lasted 00:07:55 (1763 turns).

diana the Covert (Demigod Enchanter)                Turns: 1763, Time: 00:07:55

Health: -8/71      AC:  4    Str: 11    XL:     9   Next: 37%
Magic:  3/24       EV: 15    Int: 21    God:
Gold:   4133       SH:  0    Dex: 20    Spells: 9/21 levels left

rFire    . . .     SeeInvis .   a - +1 dagger
rCold    . . .     Gourm    .   (no shield)
rNeg     . . .     Faith    .   b - +0 robe
rPois    +         Spirit   .   (no helmet)
rElec    .         Reflect  .   k - +1 cloak {MR+}
rCorr    .         Harm     .   (no gloves)
MR       +....     NoTele   +   (no boots)
Stlth    ++++++....             (no amulet)
HPRegen  0.21/turn              (no ring)
MPRegen  0.19/turn              (no ring)

@: very slightly contaminated
A: talons 1, blink, blurry vision 1, high mp 2, poison resistance
a: Blink


You were in the Dungeon.
You were not hungry.

You visited 1 branch You collected 4133 gold pieces.

Inventory:

Hand Weapons
 a - a +1 dagger (weapon)
 m - a +4 quarterstaff of chaos
 u - a +1 long sword of holy wrath
Armour
 b - a +0 robe (worn)
 k - a +1 cloak of magic resistance (worn)
Wands
 l - a wand of flame (29)
Scrolls
 c - a scroll of enchant weapon {unknown}
 j - a scroll of blinking
 n - a scroll of holy word {unknown}
 o - a scroll of identify {unknown}
 p - 3 scrolls of remove curse {unknown}
 s - a scroll of immolation {unknown}
Potions
 e - 2 potions of curing
 g - a potion of haste
 h - 2 potions of magic
 i - a potion of berserk rage
 q - a potion of degeneration {unknown}
 r - a potion of might
 t - 2 potions of flight
Miscellaneous
 v - a box of beasts
Comestibles
 d - 4 rations


   Skills:
 + Level 4.1 Fighting
 + Level 8.4 Short Blades
 + Level 4.2 Armour
 + Level 4.8 Dodging
 * Level 12.9 Stealth
 - Level 6.7 Spellcasting
 - Level 5.2 Conjurations
 - Level 9.4 Hexes


You had 9 spell levels left.
You knew the following spells:

 Your Spells              Type           Power        Failure   Level  Hunger
a - Corona                Hex            #####..      1%          1    None
b - Ensorcelled Hibernat  Hex/Ice        ####..       1%          2    None
c - Confuse               Hex            #####...     1%          3    #......
d - Dazzling Spray        Conj/Hex       #####.       1%          3    #......
e - Tukima's Dance        Hex            #####...     1%          3    #......

Your spell library contained the following spells:

 Spells                   Type           Power        Failure   Level  Hunger
 Confusing Touch          Hex            #####.       1%          1    None
 Gell's Gravitas          Tloc           #.........   26%         3    #......
 Metabolic Englaciation   Hex/Ice        ####......   36%         5    #####..
 Yara's Violent Unravell  Hex/Tmut       ####......   36%         5    #####..
 Petrify                  Tmut/Erth      #.......     65%         4    ###....


Dungeon Overview and Level Annotations

Branches:
Dungeon (1/1)

Shops:
D :


Innate Abilities, Weirdness & Mutations

You have a considerably increased reservoir of magic. (+20% MP)
You have sharp toenails.
You can translocate small distances at will.
Scrolls take you a little longer to read.
Your system is resistant to poisons. (rPois)


Message History

Frost covers your body.
Casting: Ensorcelled Hibernation (safe; 1% risk of failure)
Confirm with . or Enter, or press ? or * to list all spells.
Aiming: Ensorcelled Hibernation (safe; 1% risk of failure)
Press: ? - help, Shift-Dir - straight line, f/p - deep elf knight
Aim: a deep elf knight, wielding a scimitar, wearing a chain mail and wearing a The deep elf knight resists with almost no effort.
The deep elf knight completely misses you.
Things that are here:
a trident; a plate armour; an orc corpse
There is an open door here.
Okay, then.
Casting: Ensorcelled Hibernation (safe; 1% risk of failure)
Confirm with . or Enter, or press ? or * to list all spells.
Aiming: Ensorcelled Hibernation (safe; 1% risk of failure)
Press: ? - help, Shift-Dir - straight line, f/p - deep elf knight
Aim: a deep elf knight, wielding a scimitar, wearing a chain mail and wearing a The deep elf knight resists with almost no effort.
The deep elf knight hits you with a scimitar!
You die...

♣..#...#__)#._#.........##.#...
♣♣♣..###'#(###'##......e.##
#ee.
♣.♣♣.#........).#....e....# .e.
...♣.')⌠......)[#.#.#####.# e.
≈≈♣..#...######[#(### ##.# #
≈....#.⌠.#__#..)#e#### # ##
.....#...#__#..)#e...#.#
.)...#'###__#..)##.#..#
.....#.))#__#...@##)#.#
.....#___#__'...#e..#..#
▓▓▓▓▓▓▓▓▓▓▓▓▓▓▓▓▓▓▓▓▓▓▓▓


You could see a deep elf knight.

Vanquished Creatures
  An orc high priest (D)
  A deep elf knight (D)
  A deep elf mage (D)
  A shadow (D)
  A spatial vortex (D)
  4 orc warriors (D)
  A necrophage (D)
  3 two-headed ogres (D)
  A water elemental (D)
  A jelly (D)
  Crazy Yiuf (D)
  A wizard (D)
  3 orc priests (D)
  Jessica (D)
  A necromancer (D)
  An orc wizard (D)
  3 humans (D)
  A kobold demonologist (D)
  An ooze (D)
  6 orcs (D)
  2 rats (D)
36 creatures vanquished.

Vanquished Creatures (others)
  2 draconian scorchers (D)
  Nessos (D)
  6 hellions (D)
  A yaktaur (D)
  A plant (D)
11 creatures vanquished.

Grand Total: 47 creatures vanquished

Notes
Turn   | Place    | Note
-------+----------+-------------------------------------------
     0 | D        | diana the Demigod Enchanter began the quest for the Orb.
     0 | D        | Reached XP level 1. HP: 14/14 MP: 5/5
    12 | D        | Reached skill level 1 in Short Blades
    12 | D        | Reached skill level 3 in Stealth
    64 | D        | Killed a yaktaur
    93 | D        | Killed a hellion
   109 | D        | Killed a hellion
   144 | D        | Killed a hellion
   161 | D        | Killed a hellion
   168 | D        | Noticed Jessica
   195 | D        | Killed Jessica
   195 | D        | Reached skill level 4 in Stealth
   195 | D        | Reached XP level 2. HP: 12/20 MP: 5/8
   229 | D        | Killed a hellion
   260 | D        | Killed a white draconian scorcher
   287 | D        | Learned a level 2 spell: Ensorcelled Hibernation
   310 | D        | Killed a white draconian scorcher
   320 | D        | Killed a hellion
   323 | D        | Noticed Crazy Yiuf
   332 | D        | Killed Crazy Yiuf
   332 | D        | Reached skill level 5 in Stealth
   332 | D        | Reached XP level 3. HP: 26/26 MP: 5/10
   346 | D        | Gained mutation: You are agile. (Dex +2) [potion of
                  | mutation]
   346 | D        | Gained mutation: You are robust. (+10% HP) [potion of
                  | mutation]
   347 | D        | Lost mutation: You are robust. (+10% HP) [potion of
                  | mutation]
   347 | D        | Lost mutation: You are agile. (Dex +2) [potion of mutation]
   347 | D        | Gained mutation: Your spells are a little easier to cast,
                  | but a little less powerful. [potion of mutation]
   347 | D        | Gained mutation: You have large cloven feet. [potion of
                  | mutation]
   347 | D        | Gained mutation: You are partially covered in molten
                  | scales. (AC +2) [potion of mutation]
   348 | D        | Lost mutation: Your spells are a little easier to cast, but
                  | a little less powerful. [potion of mutation]
   348 | D        | Lost mutation: You have large cloven feet. [potion of
                  | mutation]
   348 | D        | Lost mutation: You are partially covered in molten scales.
                  | (AC +2) [potion of mutation]
   348 | D        | Gained mutation: You are somewhat resistant to further
                  | mutation. [potion of mutation]
   348 | D        | Gained mutation: You are agile. (Dex +2) [potion of
                  | mutation]
   349 | D        | Lost mutation: You are agile. (Dex +2) [potion of mutation]
   349 | D        | Lost mutation: You are somewhat resistant to further
                  | mutation. [potion of mutation]
   349 | D        | Gained mutation: You can translocate small distances at
                  | will. [potion of mutation]
   349 | D        | Gained mutation: Your natural rate of healing is unusually
                  | fast. [potion of mutation]
   350 | D        | Lost mutation: Your natural rate of healing is unusually
                  | fast. [potion of mutation]
   350 | D        | Gained mutation: Your system is resistant to poisons.
                  | (rPois) [potion of mutation]
   350 | D        | Gained mutation: You have a considerably increased
                  | reservoir of magic. (+20% MP) [potion of mutation]
   350 | D        | Gained mutation: Scrolls take you a little longer to read.
                  | [potion of mutation]
   350 | D        | Gained mutation: You have sharp toenails. [potion of
                  | mutation]
   606 | D        | Noticed a water elemental
   608 | D        | Killed a water elemental
   608 | D        | Reached skill level 6 in Stealth
   608 | D        | Reached XP level 4. HP: 33/33 MP: 12/14
   624 | D        | Found a radiant altar of Vehumet.
   624 | D        | Found a deep blue altar of Sif Muna.
   624 | D        | Found an ancient bone altar of Kikubaaqudgha.
   624 | D        | Noticed a wizard
   626 | D        | Killed a wizard
   626 | D        | Reached skill level 7 in Stealth
   626 | D        | Reached skill level 5 in Hexes
   626 | D        | Reached XP level 5. HP: 38/38 MP: 15/15
   637 | D        | Learned a level 3 spell: Confuse
   641 | D        | Learned a level 3 spell: Dazzling Spray
   645 | D        | Learned a level 3 spell: Tukima's Dance
   651 | D        | Found a glowing silver altar of Zin.
   651 | D        | Found a glowing golden altar of the Shining One.
   651 | D        | Found a white marble altar of Elyvilon.
   652 | D        | Noticed a deep elf mage
   654 | D        | Killed a deep elf mage
   654 | D        | Reached skill level 5 in Short Blades
   654 | D        | Reached skill level 9 in Stealth
   654 | D        | Reached skill level 5 in Spellcasting
   654 | D        | Reached XP level 6. HP: 45/45 MP: 16/19
   654 | D        | Reached XP level 7. HP: 50/50 MP: 16/20
   679 | D        | Found a hide-covered altar of Uskayaw.
   679 | D        | Found a roughly hewn altar of Beogh.
   679 | D        | Found an iron altar of Okawaru.
   679 | D        | Found a bloodstained altar of Trog.
   679 | D        | Found an ornate altar of the Wu Jian Council.
   679 | D        | Noticed a human
   679 | D        | Noticed a human
   684 | D        | Killed a human
   684 | D        | Reached skill level 10 in Stealth
   730 | D        | Killed a human
   860 | D        | Killed Nessos
   922 | D        | Found a basalt altar of Yredelemnul.
   922 | D        | Found a shadowy altar of Dithmenos.
   922 | D        | Found a sacrificial altar of Ru.
  1187 | D        | Noticed a shadow
  1189 | D        | Killed a shadow
  1199 | D        | Found a blossoming altar of Fedhas.
  1199 | D        | Found a stormy altar of Qazlal.
  1200 | D        | Found a snail-covered altar of Cheibriados.
  1200 | D        | Found a burning altar of Makhleb.
  1200 | D        | Found a hazy altar of Hepliaklqana.
  1200 | D        | Found a shimmering altar of Xom.
  1200 | D        | Found an opulent altar of Gozag.
  1200 | D        | Found a sparkling altar of Nemelex Xobeh.
  1200 | D        | Found a corrupted altar of Lugonu.
  1200 | D        | Found a viscous altar of Jiyva.
  1201 | D        | Reached XP level 8. HP: 56/56 MP: 21/23
  1248 | D        | Reached skill level 11 in Stealth
  1248 | D        | Reached skill level 5 in Conjurations
  1344 | D        | Found Pioz's Book Boutique.
  1344 | D        | Noticed an orc high priest
  1344 | D        | Noticed an orc high priest
  1374 | D        | Killed an orc high priest
  1374 | D        | Reached skill level 12 in Stealth
  1398 | D        | Reached XP level 9. HP: 54/68 MP: 5/24
  1655 | D        | Noticed a deep elf knight
  1655 | D        | Noticed a deep elf knight
  1655 | D        | Noticed a deep elf mage
  1655 | D        | Noticed a deep elf knight
  1655 | D        | Noticed a deep elf knight
  1729 | D        | Killed a deep elf knight
  1763 | D        | Mangled by a deep elf knight

Skill      XL: |  1  2  3  4  5  6  7  8  9 |
---------------+----------------------------+-----
Short Blades   | 2 3 4 5 6 8 |  8.4
Stealth        | 4 5 6 7 9 10 12 | 12.9
Spellcasting   | 2 3 4 5 6 |  6.7
Hexes          | 3 4 5 7 9 |  9.4
Conjurations   | 3 4 5 |  5.2
Dodging        | 4 |  4.8
Fighting       | 3 4 |  4.1
Armour         | 3 4 |  4.2

Action                   |  1- 3 |  4- 6 |  7- 9 || total
-------------------------+-------+-------+-------++-------
Melee: Dagger            |    35 |     3 |    53 ||    91
       Kick              |     2 |       |     9 ||    11
 Cast: Corona            |     3 |       |       ||     3
       Ensorcelled Hiber |     4 |       |    47 ||    51
       Confuse           |       |       |     4 ||     4
       Dazzling Spray    |       |       |     2 ||     2
  Use: Potion            |     5 |       |     1 ||     6
 Stab: Sleeping          |     4 |     3 |    18 ||    25
       Confused          |       |       |     3 ||     3
  Eat: Chunk             |       |       |     3 ||     3
Armor: Robe              |     2 |       |     4 ||     6
Dodge: Dodged            |    28 |       |    38 ||    66
